 Dungeon Crawl Stone Soup version 0.23-a0-373-g305c090 (webtiles) character file.

405206 lul123 the Demonic Blade (level 22, -22/194 HPs)
             Began as a Demonspawn Gladiator on Oct 5, 2018.
             Was the Champion of Okawaru.
             Killed from afar by a shadow dragon (50 damage)
             ... with a bolt of negative energy
             ... on level 4 of the Vaults on Oct 25, 2018.
             The game lasted 02:13:21 (53873 turns).

lul123 the Demonic Blade (Demonspawn Gladiator)    Turns: 53873, Time: 02:13:22

Health: -22/194    AC: 37    Str: 18    XL:     22   Next: 36%
Magic:  22/22      EV: 11    Int: 13    God:    Okawaru [******]
Gold:   5961       SH: 24    Dex: 25    Spells: 21/21 levels left

rFire    + + +     SeeInvis .   c - +8 autumn katana {slice, Clar}
rCold    + + +     Gourm    .   V - +5 shield {reflect}
rNeg     . . .     Faith    .   J - +9 plate armour "Isag" {rPois rCorr Int-2 Slay+2}
rPois    +         Spirit   .   (helmet unavailable)
rElec    +         Reflect  +   D - scarf {rC+ rF+}
rCorr    +         Harm     .   X - +2 pair of gloves {Dex+3}
MR       +....     Clarity  +   C - +2 pair of boots {run}
Stlth    ..........             g - +3 amulet of reflection
HPRegen  0.42/turn              Y - ring of Zyma {rPois rF++ Dex+2 Slay+5}
MPRegen  0.18/turn              s - ring "Buhopt" {*Drain rElec rC+ AC+2 Dex+4}

@: studying Charms, drained, quick
A: horns 3, yellow scales 3, berserk 1, cold resistance 1, foul stench 1, robust
1, augmentation 2, rot immunity, freezing cloud immunity
}: 2/15 runes: decaying, serpentine
a: Heroism, Finesse, Renounce Religion


You were on level 4 of the Vaults.
You worshipped Okawaru.
Okawaru was exalted by your worship.
You were not hungry.

You visited 8 branches of the dungeon, and saw 40 of its levels.
You visited the Abyss 3 times.

You collected 8079 gold pieces.
You spent 2118 gold pieces at shops.

Inventory:

Hand Weapons
 c - the +8 autumn katana (weapon) {slice, Clar}
   (Okawaru gifted it to you on level 1 of the Vaults)

   It inflicts extra damage upon your enemies.
   It protects you against confusion.
 h - a +2 demon blade of pain
 v - the +11 plutonium sword {*Contam Stlth-}
   (You took it off a vault sentinel on level 3 of the Vaults)

   It causes magical contamination when unequipped.
   It makes you less stealthy.
Missiles
 L - a throwing net (quivered)
Armour
 d - +0 gold dragon scales
 y - a +1 large shield of protection
 C - a +2 pair of boots of running (worn)
 D - a scarf of resistance (worn)
 J - the +9 plate armour "Isag" (worn) {rPois rCorr Int-2 Slay+2}
   (You found it on level 6 of the Lair of Beasts)

   It affects your intelligence (-2).
   It affects your accuracy and damage with ranged weapons and melee attacks
   (+2).
   It protects you from poison.
   It provides partial protection from all sources of acid and corrosion.
 V - a +5 shield of reflection (worn)
 X - a +2 pair of gloves of dexterity (worn)
Jewellery
 g - a +3 amulet of reflection (around neck)
 q - a +5 ring of strength
 s - the ring "Buhopt" (right hand) {*Drain rElec rC+ AC+2 Dex+4}
   (You found it on level 5 of the Dungeon)

   [ring of protection]

   It affects your AC (+2).
   It affects your dexterity (+4).
   It protects you from cold.
   It insulates you from electricity.
   It causes draining when unequipped.
 w - an uncursed ring of fire {unknown}
 H - an uncursed ring of protection from magic
 W - an uncursed ring of positive energy
 Y - the ring of Zyma (left hand) {rPois rF++ Dex+2 Slay+5}
   (You acquired it on level 1 of the Vaults)

   [ring of slaying]

   It affects your dexterity (+2).
   It affects your accuracy and damage with ranged weapons and melee attacks
   (+5).
   It greatly protects you from fire.
   It protects you from poison.
Wands
 b - a wand of iceblast (25)
 e - a wand of digging (17)
 u - a wand of clouds (8)
 T - a wand of acid (16)
Scrolls
 a - 6 scrolls of amnesia
 i - 20 scrolls of remove curse
 l - 2 scrolls of fog
 m - 12 scrolls of teleportation
 o - 8 scrolls of blinking
 p - 3 scrolls of silence
 r - 5 scrolls of magic mapping
 z - 7 scrolls of identify
 U - a scroll of fear
Potions
 j - 2 potions of invisibility
 k - 3 potions of magic
 n - 6 potions of brilliance
 x - 3 potions of flight
 F - 12 potions of curing
 G - 7 potions of mutation
 M - a potion of might
 N - 5 potions of heal wounds
 P - 2 potions of haste
 S - 3 potions of cancellation
Books
 E - a manual of Charms
Miscellaneous
 t - a phantom mirror
 B - a fan of gales
Comestibles
 f - 34 rations


   Skills:
 + Level 15.9(14.8) Fighting
 * Level 21.9(20.6) Long Blades
 - Level 1.8(1.0) Throwing
 + Level 12.5(11.4) Armour
 + Level 8.5(7.5) Dodging
 - Level 0.7(0.0) Stealth
 + Level 20.4(19.1) Shields


You had 21 spell levels left.
You didn't know any spells.
Your spell library contained the following spells:

 Spells                   Type           Power        Failure   Level  Hunger
 Animate Skeleton         Necr           N/A          99%         1    ##.....
 Apportation              Tloc           #.....       99%         1    ##.....
 Beastly Appendage        Tmut           #.....       99%         1    ##.....
 Confusing Touch          Hex            #.....       99%         1    ##.....
 Flame Tongue             Conj/Fire      #....        99%         1    ##.....
 Infusion                 Chrm           #...         99%         1    ##.....
 Pain                     Necr           #...         99%         1    ##.....
 Sandblast                Erth           #.....       99%         1    ##.....
 Shock                    Conj/Air       #...         99%         1    ##.....
 Summon Butterflies       Summ           #.......     99%         1    ##.....
 Summon Small Mammal      Summ           #...         99%         1    ##.....
 Call Imp                 Summ           #.......     100%        2    ###....
 Corpse Rot               Necr           N/A          100%        2    ###....
 Passwall                 Tmut/Erth      #.......     100%        2    ###....
 Poisonous Vapours        Pois/Air       #.....       100%        2    ###....
 Shroud of Golubria       Chrm/Tloc      #.........   100%        2    ###....
 Song of Slaying          Chrm           #.......     100%        2    ###....
 Sticks to Snakes         Tmut           #.......     100%        2    ###....
 Swiftness                Chrm/Air       #.......     100%        2    ###....
 Call Canine Familiar     Summ           #.......     100%        3    ####...
 Confuse                  Hex            #.......     100%        3    ####...
 Conjure Flame            Conj/Fire      #.......     100%        3    ####...
 Gell's Gravitas          Tloc           #.........   100%        3    ####...
 Lesser Beckoning         Tloc           #.........   100%        3    ####...
 Mephitic Cloud           Conj/Pois/Air  #.......     100%        3    ####...
 Portal Projectile        Hex/Tloc       #.....       100%        3    ####...
 Regeneration             Chrm/Necr      #.........   100%        3    ####...
 Spectral Weapon          Hex/Chrm       #.......     100%        3    ####...
 Spider Form              Tmut/Pois      #.........   100%        3    ####...
 Static Discharge         Conj/Air       #.......     100%        3    ####...
 Stone Arrow              Conj/Erth      #.....       100%        3    ####...
 Summon Guardian Golem    Hex/Summ       #.......     100%        3    ####...
 Tukima's Dance           Hex            #.......     100%        3    ####...
 Vampiric Draining        Necr           #.........   100%        3    ####...
 Airstrike                Air            #.........   100%        4    #####..
 Animate Dead             Necr           N/A          100%        4    #####..
 Cause Fear               Hex            #.........   100%        4    #####..
 Force Lance              Conj/Tloc      #.......     100%        4    #####..
 Ice Form                 Ice/Tmut       #.......     100%        4    #####..
 Olgreb's Toxic Radiance  Pois           #.......     100%        4    #####..
 Petrify                  Tmut/Erth      #.......     100%        4    #####..
 Summon Ice Beast         Ice/Summ       #.......     100%        4    #####..
 Summon Lightning Spire   Summ/Air       #.......     100%        4    #####..
 Alistair's Intoxication  Tmut/Pois      #.......     100%        5    ######.
 Blade Hands              Tmut           #.........   100%        5    ######.
 Bolt of Draining         Conj/Necr      #.........   100%        5    ######.
 Bolt of Magma            Conj/Fire/Erth #.........   100%        5    ######.
 Fireball                 Conj/Fire      #.........   100%        5    ######.
 Iskenderun's Battlesphe  Conj/Chrm      #.......     100%        5    ######.
 Lee's Rapid Deconstruct  Erth           #.........   100%        5    ######.
 Lightning Bolt           Conj/Air       #.........   100%        5    ######.
 Metabolic Englaciation   Hex/Ice        #.........   100%        5    ######.
 Venom Bolt               Conj/Pois      #.........   100%        5    ######.
 Yara's Violent Unravell  Hex/Tmut       #.........   100%        5    ######.
 Bolt of Fire             Conj/Fire      #.........   100%        6    #######
 Dispersal                Tloc           #.........   100%        6    #######
 Freezing Cloud           Conj/Ice/Air   #.........   100%        6    #######
 Invisibility             Hex            #.......     100%        6    #######
 Iron Shot                Conj/Erth      #.........   100%        6    #######
 Dragon Form              Tmut           #.........   100%        7    #######
 Orb of Destruction       Conj           #.........   100%        7    #######
 Ring of Flames           Chrm/Fire      #.........   100%        7    #######
 Spellforged Servitor     Conj/Summ      #.........   100%        7    #######
 Controlled Blink         Tloc           N/A          100%        8    #######
 Disjunction              Tloc           #.........   100%        8    #######
 Dragon's Call            Summ           #.........   100%        9    #######


Dungeon Overview and Level Annotations

Branches:
Dungeon (15/15)            Temple (1/1) D:4            Lair (6/6) D:8
  Swamp (4/4) Lair:4        Snake (4/4) Lair:4        Slime (0/5) Lair:5
    Orc (2/2) D:9             Elf (3/3) Orc:2        Vaults (5/5) D:14
  Crypt (0/3) Vaults:2     Depths (0/5) D:15

Altars:
Ashenzari
Cheibriados
Dithmenos
Elyvilon
Fedhas
Gozag
Hepliaklqana
Kikubaaqudgha
Makhleb
Nemelex Xobeh
Okawaru
Qazlal
Ru
Sif Muna
Trog
Uskayaw
Vehumet
Wu Jian
Xom
Yredelemnul
Zin
The Shining One
Jiyva

Shops:
D:4 *   D:6 (   D:9 [   Orc:2 %}%*   Elf:2 *   Snake:1 ?((:   Vaults:3 (
Vaults:4 [?*!(*[[

Annotations:
D:5 Voker57's ghost, novice DsAK
D:12 1 runed door
Lair:3 exclusion: oklob plant
Lair:5 Dudiycywn's ghost, journeyman HaGl
Lair:6 1 transporter, exclusion: 4 oklob plants, Saomaq's ghost, journeyman DDFi
Snake:1 3 runed doors, tilp's ghost, adept MfIE


Innate Abilities, Weirdness & Mutations

You have a pair of large horns on your head.
You are completely covered in yellow scales. (AC +4, rCorr)
Your flesh is cold resistant. (rC+)
You may emit foul miasma when damaged in melee.
Your magical and physical power is enhanced at high health.
You are immune to rotting.
You are immune to freezing clouds.
You tend to lose your temper in combat.
You are robust. (+10% HP)


Message History

You slash the titan! Your headbutt misses the titan.
The titan is moderately wounded.
You open the titan like a pillowcase!!!
The titan is severely wounded.
The deep elf mage gestures wildly while chanting.
The titan casts a spell.
The titan is healed somewhat.
Unknown command.
You slice the titan!!
The titan is severely wounded.
You block the deep elf mage's attack.
You carve the titan like a ham!!!
You kill the titan!
Okawaru accepts your kill.
You completely miss the shadow dragon.
The shadow dragon is lightly wounded.
You block the deep elf mage's attack.
The shadow dragon breathes negative energy at you.
The bolt of negative energy hits you!
You feel drained.
You die...

#########..#...)...#..####
#..#.8...8.#..#
#..###8.8###..#
########..# #...# #..#
#......#..#########..#
#......#.............#
#......#.............#
#..÷>..#.............#
#..((.CD@E...........#
#....).#.e!..≈≈≈.....#
#......#E...≈≈≈≈≈....#
#####'#####...[≈≈∩......#
##
#........##....≈≈≈≈≈....#
#.
#........##...[.≈≈≈.....#
#.
#.8''''8.##....)[.......#
#.
###....####.............#
#.
#.8''''8.##.............#
#.


You could see a shadow dragon, a frost giant, 2 earth elementals and a deep elf
mage.

Vanquished Creatures
  the Lernaean hydra (Swamp:4)
  Saint Roka (Vaults:4)
  A golden dragon (Vaults:4)
  Nikola (Swamp:1)
  A tentacled monstrosity (Vaults:4)
  Rupert (Lair:5)
  A titan (Vaults:4)
  Asterion (Elf:3)
  A deep elf blademaster (Elf:2)
  The ghost of Garbasso the Warrior, an adept GrGl of Okawaru (Elf:3)
  A quicksilver dragon (Vaults:5)
  A deep elf master archer (Elf:3)
  A thorn hunter (Swamp:2)
  Gastronok (Orc:1)
  The ghost of Pedwao the Warrior, an adept DrWn of Okawaru (Snake:3)
  A shadow dragon (Vaults:5)
  9 nagarajas
  Roxanne (Snake:1)
  11 deep elf sorcerers
  An orc warlord (Elf:3)
  14 vault wardens
  10 ironheart preservers
  6 deep elf elementalists (Elf:3)
  An entropy weaver (Vaults:1)
  A very ugly thing (Swamp:3)
  4 stone giants
  3 deep elf demonologists
  Azrael (D:13)
  10 deep elf annihilators
  4 ettins
  4 deep elf death magi
  Josephine (Lair:6)
  A fire dragon (Vaults:3)
  Snorg (Lair:4)
  4 deep elf high priests (Elf:3)
  3 rakshasas
  10 yaktaur captains
  4 great orbs of eyes
  Erolcha (D:12)
  A merfolk avatar (Lair:6)
  14 naga warriors
  25 hydras
  A catoblepas (D:15)
  30 vault guards
  2 ghost crabs (Swamp:4)
  8 centaur warriors
  24 two-headed ogres
  22 alligators
  18 anacondas
  9 ogre magi
  5 tengu warriors (D:15)
  A deep troll earth mage (D:14)
  A queen ant (shapeshifter) (D:14)
  24 dancing weapons
  2 orc high priests (Elf:3)
  21 naga sharpshooters
  Sonja (Orc:2)
  30 deep elf knights
  7 shock serpents
  A fire crab (Lair:5)
  4 skeletal warriors
  2 spriggan druids
  3 starcursed masses (Abyss:3)
  3 deep trolls
  6 wizards
  A glowing orange brain (Vaults:1)
  8 salamander mystics
  11 swamp dragons
  An unseen horror (shapeshifter) (Vaults:4)
  9 naga ritualists
  A swamp dragon (shapeshifter) (Elf:3)
  2 necromancers
  8 unseen horrors
  77 deep elf magi
  15 orc knights
  10 mana vipers
  13 ironbrand convokers
  8 harpies
  20 deep elf archers
  A wolf spider (shapeshifter) (Vaults:2)
  A mana viper (shapeshifter) (Vaults:4)
  2 orb spiders (shapeshifter)
  6 orc sorcerers
  7 wolf spiders
  A moth of wrath (shapeshifter) (Vaults:4)
  4 manticores
  9 cyclopes
  7 ugly things
  A centaur zombie (D:10)
  7 guardian serpents
  11 salamanders
  Maurice (Orc:2)
  26 elephants
  10 vault sentinels
  A guardian serpent (shapeshifter) (Vaults:4)
  17 naga magi
  34 black mambas
  A smoke demon (Abyss:3)
  A stone giant skeleton (Vaults:4)
  16 spiny frogs
  A gargoyle (D:13)
  A human zombie (Vaults:4)
  3 rime drakes (Lair:6)
  3 freezing wraiths
  11 komodo dragons
  A spiny frog (shapeshifter) (Vaults:1)
  A komodo dragon (shapeshifter) (D:14)
  31 yaktaurs
  4 centaur skeletons
  A kobold demonologist (D:14)
  A red devil (Abyss:3)
  An efreet (D:15)
  9 polar bears
  A queen bee (shapeshifter) (Vaults:1)
  A tengu conjurer (D:14)
  A wind drake (Lair:6)
  6 tyrant leeches
  A jumping spider (Vaults:1)
  11 trolls
  A wind drake (shapeshifter) (Vaults:3)
  7 hornets
  A polar bear (shapeshifter) (Vaults:3)
  15 bog bodies
  A hippogriff (shapeshifter) (Elf:3)
  22 blink frogs
  10 hippogriffs
  A sphinx simulacrum (Vaults:2)
  A meliai zombie (D:12)
  22 slime creatures
  2 blink frogs (shapeshifter)
  2 dream sheep (shapeshifter)
  2 shadows
  2 redbacks (Vaults:1)
  A spriggan (shapeshifter) (Elf:2)
  3 spriggans (Swamp:4)
  A tarantella (Vaults:1)
  A yak (shapeshifter) (Vaults:2)
  A ynoxinul (Abyss:3)
  3 hogs (D:8)
  4 wraiths (Lair:6)
  6 wyverns
  A human (D:8)
  8 water elementals
  A hungry ghost (D:10)
  39 yaks
  A neqoxec (Abyss:3)
  4 fire elementals
  2 steam dragons
  16 vampire mosquitoes
  2 basilisks
  21 insubstantial wisps
  7 wargs
  70 nagas
  A deep troll zombie (Vaults:4)
  13 swamp worms
  5 hell hounds (D:13)
  5 acid dragons
  An acid dragon (shapeshifter) (Vaults:2)
  6 porcupines
  20 water moccasins
  A deep troll skeleton (Vaults:4)
  40 orc warriors
  15 swamp drakes
  5 ice beasts
  An eye of draining (D:14)
  4 phantoms
  3 necrophages
  2 small abominations (Abyss:3)
  An ettin simulacrum (Vaults:3)
  39 ogres
  7 wolves
  15 centaurs
  3 boggarts (Vaults:1)
  12 crocodiles
  3 big kobolds
  23 bullfrogs
  A wyvern zombie (D:14)
  3 earth elementals (Elf:2)
  3 wyvern skeletons
  6 scorpions
  4 killer bees
  9 wights
  5 jellies
  5 electric eels
  2 howler monkeys
  13 crimson imps
  3 bullfrog zombies
  A quasit (D:13)
  A gnoll shaman (D:4)
  Crazy Yiuf (D:3)
  2 bullfrog skeletons (D:6)
  20 orc priests
  9 hounds
  20 orc wizards
  5 iguanas
  14 worker ants
  A killer bee zombie (D:6)
  A hound zombie (D:6)
  A hound skeleton (D:10)
  3 gnolls (D:4)
  25 adders
  5 shadow imps
  A white imp (Vaults:2)
  An ufetubus (Abyss:3)
  2 oozes
  A worm (D:6)
  An adder skeleton (D:4)
  2 dart slugs
  A dart slug (shapeshifter) (Vaults:3)
  3 leopard geckos
  79 orcs
  10 giant cockroaches
  7 goblins
  5 hobgoblins
  11 jackals
  15 kobolds
  3 quokkas
  A ball python (D:4)
  A ball python skeleton (D:5)
  5 bats
  8 frilled lizards
  A jackal zombie (D:6)
  A leopard gecko skeleton (D:5)
  5 rats
  2 briar patches (Swamp:2)
  A bush (Lair:4)
  2 fungi
  2 plants
1663 creatures vanquished.

Vanquished Creatures (others)
  A deep elf master archer (Elf:3)
  A stone giant (Vaults:3)
  2 yaktaur captains
  3 naga sharpshooters
  4 deep elf archers
  A deep elf mage (Elf:2)
  2 cyclopes
  3 yaktaurs
  A slime creature (Swamp:1)
  A shadow (D:13)
  A vampire mosquito (Swamp:1)
  An orc wizard (D:6)
  An adder (D:6)
  2 orcs
  A briar patch (Swamp:2)
  A bush (Swamp:4)
  40 fungi
  24 plants
90 creatures vanquished.

Grand Total: 1753 creatures vanquished

Notes
Turn   | Place    | Note
-------+----------+-------------------------------------------
     0 | D:1      | lul123 the Demonspawn Gladiator began the quest for the
                  | Orb.
     0 | D:1      | Reached XP level 1. HP: 16/16 MP: 1/1
   365 | D:1      | Gained mutation: Your flesh is cold resistant. (rC+)
                  | [demonic ancestry]
   365 | D:1      | Reached XP level 2. HP: 15/22 MP: 2/2
   510 | D:1      | Reached skill level 3 in Long Blades
  1046 | D:2      | Reached XP level 3. HP: 27/27 MP: 3/3
  1185 | D:2      | Reached skill level 1 in Armour
  1661 | D:2      | Found an opulent altar of Gozag.
  1717 | D:2      | Found a shattered altar of Ashenzari.
  1762 | D:2      | Found a faded altar of an unknown god.
  1768 | D:2      | Reached XP level 4. HP: 32/34 MP: 4/4
  1775 | D:2      | Became a worshipper of Sif Muna the Loreminder
  1775 | D:2      | Reached * piety under Sif Muna
  2180 | D:3      | Found a white marble altar of Elyvilon.
  2495 | D:3      | Gained mutation: You are partially covered in yellow
                  | scales. (AC +2) [demonic ancestry]
  2495 | D:3      | Reached XP level 5. HP: 16/40 MP: 5/5
  2508 | D:3      | Reached skill level 4 in Long Blades
  2541 | D:3      | Found a runed door.
  3236 | D:3      | Noticed Crazy Yiuf
  3243 | D:3      | Killed Crazy Yiuf
  3368 | D:4      | Gained mutation: You are mostly covered in yellow scales.
                  | (AC +3) [demonic ancestry]
  3368 | D:4      | Reached XP level 6. HP: 8/47 MP: 6/6
  3679 | D:4      | Found a bloodstained altar of Trog.
  3740 | D:4      | Found Dohukiv's Assorted Antiques.
  3743 | D:4      | Bought a scroll labeled VEAMIE QEFF for 28 gold pieces
  3743 | D:4      | Bought a scroll labeled YWEQAI QILOLU for 28 gold pieces
  3831 | D:4      | Found a staircase to the Ecumenical Temple.
  4042 | Temple   | Entered the Ecumenical Temple
  4165 | Temple   | Fell from the grace of Sif Muna
  4165 | Temple   | Became a worshipper of Warmaster Okawaru
  4552 | D:5      | Entered Level 5 of the Dungeon
  4607 | D:5      | Got an ancient iron ring
  4693 | D:5      | Identified the ring "Buhopt" {*Drain rElec rC+ AC+2 Dex+4}
                  | (You found it on level 5 of the Dungeon)
  4768 | D:5      | Found a burning altar of Makhleb.
  4887 | D:5      | Reached skill level 5 in Long Blades
  4908 | D:5      | Identified a scroll of acquirement
  4919 | D:5      | Gained mutation: You are completely covered in yellow
                  | scales. (AC +4, rCorr) [demonic ancestry]
  4919 | D:5      | Reached XP level 7. HP: 52/52 MP: 7/7
  4976 | D:5      | Noticed Voker57's ghost (novice DsAK)
  4981 | D:5      | Found a transporter.
  5218 | D:5      | Found a snail-covered altar of Cheibriados.
  5220 | D:5      | Found a sacrificial altar of Ru.
  5229 | D:5      | Reached * piety under Okawaru
  5229 | D:5      | Reached skill level 6 in Long Blades
  5623 | D:5      | Found a transporter.
  6229 | D:6      | Reached XP level 8. HP: 47/60 MP: 8/8
  6310 | D:6      | Reached skill level 7 in Long Blades
  6360 | D:6      | Found Keuxas's Antique Weapon Shop.
  6372 | D:6      | Reached ** piety under Okawaru
  6384 | D:6      | Reached skill level 8 in Long Blades
  6407 | D:6      | Gained mutation: You are immune to freezing clouds.
                  | [demonic ancestry]
  6407 | D:6      | Reached XP level 9. HP: 23/66 MP: 6/9
  6416 | D:6      | Reached skill level 9 in Long Blades
  6640 | D:6      | Found a shimmering altar of Xom.
  6962 | D:7      | Reached *** piety under Okawaru
  7212 | D:7      | Reached skill level 10 in Long Blades
  7687 | D:8      | Reached skill level 5 in Fighting
  7699 | D:8      | Reached **** piety under Okawaru
  7854 | D:8      | Gained mutation: You have a pair of small horns on your
                  | head. [demonic ancestry]
  7854 | D:8      | Reached XP level 10. HP: 74/74 MP: 10/10
  7874 | D:8      | Reached skill level 11 in Long Blades
  8019 | D:8      | Reached ***** piety under Okawaru
  8192 | D:8      | Found a staircase to the Lair.
  8462 | D:9      | Found Niaczatu's Specialty Armours.
  8542 | D:9      | You fall through a shaft!
  8542 | D:10     | Entered Level 10 of the Dungeon
  8600 | D:9      | Received a gift from Okawaru
  8924 | D:9      | Found a staircase to the Orcish Mines.
  9193 | D:9      | Found a deep blue altar of Sif Muna.
  9569 | Lair:1   | Entered Level 1 of the Lair of Beasts
  9586 | Lair:1   | Reached skill level 5 in Armour
  9590 | Lair:1   | Reached skill level 12 in Long Blades
  9590 | Lair:1   | Reached skill level 5 in Dodging
 10024 | Lair:1   | Reached XP level 11. HP: 55/81 MP: 11/11
 10342 | Lair:1   | Was forgiven by Sif Muna
 11072 | Lair:2   | Reached skill level 13 in Long Blades
 11908 | Lair:2   | Received a gift from Okawaru
 12179 | Lair:2   | Noticed a six-headed hydra
 12199 | Lair:2   | Killed a 12-headed hydra
 13074 | Lair:3   | Noticed a six-headed hydra
 13464 | Lair:3   | Noticed an oklob plant
 13601 | Lair:3   | Reached skill level 14 in Long Blades
 14299 | Lair:4   | Reached XP level 12. HP: 91/91 MP: 12/12
 14389 | Lair:4   | Noticed an eight-headed hydra
 14399 | Lair:4   | Killed a ten-headed hydra
 14536 | Lair:4   | Received a gift from Okawaru
 14681 | Lair:4   | Found a staircase to the Snake Pit.
 14726 | Lair:4   | Reached ****** piety under Okawaru
 14726 | Lair:4   | Received a gift from Okawaru
 14727 | Lair:4   | Found a staircase to the Swamp.
 14904 | Lair:4   | Got a steaming great sword {god gift}
 14905 | Lair:4   | Identified the +1 great sword "Volya" {slice, Int+5}
                  | (Okawaru gifted it to you on level 4 of the Lair of Beasts)
 15465 | Lair:5   | Found a viscous altar of Jiyva.
 15465 | Lair:5   | Found a staircase to the Slime Pits.
 15477 | Lair:5   | Found a runed gate.
 15478 | Lair:5   | Found a runed gate.
 15478 | Lair:5   | Noticed a seven-headed hydra
 15478 | Lair:5   | Noticed an anaconda
 15483 | Lair:5   | Found a sparkling altar of Nemelex Xobeh.
 15483 | Lair:5   | Noticed Dudiycywn's ghost (journeyman HaGl)
 15494 | Lair:5   | Noticed Rupert
 15511 | Lair:5   | Reached skill level 15 in Long Blades
 15532 | Lair:5   | Killed Rupert
 15532 | Lair:5   | Received a gift from Okawaru
 16234 | Lair:5   | Found a runed gate.
 16620 | Lair:5   | Noticed a four-headed hydra
 16628 | Lair:5   | Killed a seven-headed hydra
 16977 | Lair:6   | Entered Level 6 of the Lair of Beasts
 16993 | Lair:6   | Found a transporter.
 16997 | Lair:6   | Noticed a four-headed hydra
 17002 | Lair:6   | Noticed a six-headed hydra
 17002 | Lair:6   | Noticed a seven-headed hydra
 17008 | Lair:6   | Noticed a seven-headed hydra
 17015 | Lair:6   | Gained mutation: You have a pair of horns on your head.
                  | [demonic ancestry]
 17015 | Lair:6   | Reached XP level 13. HP: 65/99 MP: 13/13
 17030 | Lair:6   | Reached skill level 16 in Long Blades
 17030 | Lair:6   | Noticed Saomaq's ghost (journeyman DDFi)
 17351 | Lair:6   | Noticed Josephine
 17475 | Lair:6   | HP: 2/100 [16-headed hydra (9)]
 17874 | Lair:6   | Killed Josephine
 17996 | Lair:6   | Received a gift from Okawaru
 18000 | Lair:6   | HP: 5/101 [elephant (3)]
 18498 | Lair:6   | Got an ancient scimitar
 18499 | Lair:6   | Identified the cursed +0 scimitar "Zazeg" {slice, Str+4}
                  | (You found it on level 6 of the Lair of Beasts)
 18501 | Lair:6   | Got a vibrating lead ring
 18503 | Lair:6   | Got a translucent broad axe
 18504 | Lair:6   | Identified the cursed +1 broad axe of the People {flame,
                  | MR+ Int+4 Dex+3 Stlth+} (You found it on level 6 of the
                  | Lair of Beasts)
 18685 | Lair:6   | Received a gift from Okawaru
 18890 | Lair:6   | Found a transporter.
 19454 | Lair:6   | Got a warped plate armour
 19458 | Lair:6   | Identified the +9 plate armour "Isag" {rPois rCorr Int-2
                  | Slay+2} (You found it on level 6 of the Lair of Beasts)
 19471 | Lair:6   | Identified the ring of Dogma {+Blink rElec rPois MR-
                  | Stlth+} (You found it on level 6 of the Lair of Beasts)
 19965 | Lair:5   | Reached skill level 10 in Fighting
 20107 | Lair:4   | Noticed Snorg
 20115 | Lair:4   | Killed Snorg
 20115 | Lair:4   | Reached skill level 17 in Long Blades
 20173 | Lair:3   | Received a gift from Okawaru
 20173 | Lair:3   | Reached XP level 14. HP: 78/110 MP: 14/14
 20858 | Orc:1    | Entered Level 1 of the Orcish Mines
 20874 | Orc:1    | Noticed Gastronok
 20943 | Orc:1    | Killed Gastronok
 21240 | Orc:2    | Entered Level 2 of the Orcish Mines
 21739 | Orc:2    | Noticed Sonja
 22235 | Orc:2    | Noticed Maurice
 22255 | Orc:2    | Killed Maurice
 22447 | Orc:2    | Received a gift from Okawaru
 22669 | Orc:2    | Killed Sonja
 23017 | Orc:2    | Found a staircase to the Elven Halls.
 23086 | Orc:2    | Found Hygenauc's Food Emporium.
 23091 | Orc:2    | Found Niegucao's Food Emporium.
 23097 | Orc:2    | Found Inyrphag's Assorted Antiques.
 23113 | Orc:2    | Found Panworch's Gadget Shoppe.
 23117 | Orc:2    | Bought a scroll labeled FEOLAPN WUNOEWN for 38 gold pieces
 23676 | D:10     | Received a gift from Okawaru
 24321 | D:11     | Reached skill level 1 in Shields
 24772 | D:12     | Found a runed door.
 24807 | D:12     | Found a runed door.
 24882 | D:12     | Gained mutation: You are immune to rotting. [demonic
                  | ancestry]
 24882 | D:12     | Reached XP level 15. HP: 119/119 MP: 15/15
 24933 | D:12     | Received a gift from Okawaru
 25077 | D:12     | Noticed Erolcha
 25082 | D:12     | Killed Erolcha
 25407 | D:12     | Reached skill level 5 in Shields
 25899 | D:13     | Noticed Azrael
 25920 | D:13     | Killed Azrael
 26760 | D:14     | Found a gate to the Vaults.
 27482 | D:14     | Received a gift from Okawaru
 28129 | D:14     | Noticed a fire giant
 28131 | D:14     | a fire giant changed into an emperor scorpion
 28140 | D:14     | Reached skill level 10 in Shields
 28242 | D:15     | Entered Level 15 of the Dungeon
 28326 | D:15     | Found a shattered altar of Ashenzari.
 28697 | D:15     | Reached XP level 16. HP: 126/126 MP: 16/16
 28702 | D:15     | Received a gift from Okawaru
 28710 | D:15     | Got a pair of dazzling boots {god gift}
 28721 | D:15     | Identified the +0 pair of boots of the Heron {rPois Dex+4
                  | Stlth-} (Okawaru gifted it to you on level 15 of the
                  | Dungeon)
 28988 | D:15     | Found a staircase to the Depths.
 29470 | Swamp:1  | Entered Level 1 of the Swamp
 30285 | Swamp:1  | Noticed Nikola
 30306 | Swamp:1  | Killed Nikola
 30979 | Swamp:2  | Received a gift from Okawaru
 31132 | Swamp:2  | Noticed a thorn hunter
 31151 | Swamp:2  | Killed a thorn hunter
 32496 | Swamp:4  | Entered Level 4 of the Swamp
 33402 | Swamp:4  | Received a gift from Okawaru
 33402 | Swamp:4  | Gained mutation: You may emit foul miasma when damaged in
                  | melee. [demonic ancestry]
 33402 | Swamp:4  | Reached XP level 17. HP: 103/131 MP: 17/17
 33521 | Swamp:4  | Reached skill level 15 in Shields
 33898 | Swamp:4  | Received a gift from Okawaru
 34001 | Swamp:4  | Noticed the 27-headed Lernaean hydra
 34014 | Swamp:4  | Killed the 20-headed Lernaean hydra
 34840 | Swamp:4  | Got a decaying rune of Zot
 35028 | Snake:1  | Entered Level 1 of the Snake Pit
 35088 | Snake:1  | Upgraded the game from 0.23-a0-296-ga3b1b28 to
                  | 0.23-a0-370-gf497b7c
 35342 | Snake:1  | Found Qaugiq's Book Boutique.
 35342 | Snake:1  | Found Jusus's Magic Scroll Shop.
 35343 | Snake:1  | Found Vyxtaigi's Antique Weapon Boutique.
 35345 | Snake:1  | Found Xutteisoe's Weapon Shop.
 35824 | Snake:1  | Reached skill level 18 in Long Blades
 35842 | Snake:1  | Identified Roxanne's Reference Book on the Mountains
 35842 | Snake:1  | Noticed Roxanne
 35860 | Snake:1  | Killed Roxanne
 35886 | Snake:1  | Found a runed gate.
 35886 | Snake:1  | Found a runed gate.
 35887 | Snake:1  | Found a runed gate.
 36163 | Snake:1  | Noticed tilp's ghost (adept MfIE)
 37254 | Snake:2  | Received a gift from Okawaru
 37633 | Snake:3  | Gained mutation: You have a pair of large horns on your
                  | head. [demonic ancestry]
 37633 | Snake:3  | Reached XP level 18. HP: 103/140 MP: 18/18
 37894 | Snake:3  | Reached skill level 10 in Armour
 38437 | Snake:3  | Found a runed door.
 38437 | Snake:3  | Noticed Pedwao's ghost (adept DrWn)
 38670 | Snake:3  | Killed Pedwao's ghost
 38783 | Snake:4  | Entered Level 4 of the Snake Pit
 39161 | Snake:4  | Found an ancient bone altar of Kikubaaqudgha.
 39314 | Snake:4  | Received a gift from Okawaru
 40041 | Snake:4  | Reached skill level 19 in Long Blades
 40570 | Snake:4  | Received a gift from Okawaru
 40830 | Snake:4  | Got a serpentine rune of Zot
 41099 | Snake:4  | Gained mutation: Your magical and physical power is
                  | slightly enhanced at high health. [demonic ancestry]
 41099 | Snake:4  | Reached XP level 19. HP: 146/148 MP: 19/19
 41475 | Elf:1    | Entered Level 1 of the Elven Halls
 41740 | Elf:1    | Received a gift from Okawaru
 42739 | Elf:2    | Found Palyfit's Assorted Antiques.
 42878 | Elf:2    | Received a gift from Okawaru
 43059 | Elf:2    | Found a runed gate.
 43059 | Elf:2    | Found a runed gate.
 43061 | Elf:2    | Found a runed gate.
 43741 | Elf:2    | Received a gift from Okawaru
 43949 | Elf:3    | Entered Level 3 of the Elven Halls
 44533 | Elf:3    | Found a runed gate.
 44533 | Elf:3    | Found a runed gate.
 44534 | Elf:3    | Noticed Garbasso's ghost (adept GrGl)
 44536 | Elf:3    | Found a runed gate.
 44549 | Elf:3    | Reached skill level 20 in Long Blades
 44583 | Elf:3    | Killed Garbasso's ghost
 44825 | Elf:3    | Noticed Asterion
 44843 | Elf:3    | Killed Asterion
 44843 | Elf:3    | Received a gift from Okawaru
 44843 | Elf:3    | Gained mutation: Your magical and physical power is
                  | enhanced at high health. [demonic ancestry]
 44843 | Elf:3    | Reached XP level 20. HP: 124/158 MP: 20/20
 44995 | Elf:3    | Cast into level 3 of the Abyss (a deep elf sorcerer)
 44995 | Abyss:3  | Found a corrupted altar of Lugonu.
 45038 | Elf:3    | Escaped the Abyss
 45244 | Elf:3    | Received a gift from Okawaru
 45437 | Elf:3    | Identified the Tome of Sinister Flames
 45942 | Elf:3    | Cast into level 2 of the Abyss (a deep elf sorcerer)
 45946 | Elf:3    | Escaped the Abyss
 46303 | Elf:3    | Identified the cursed +0 buckler of Tuocw {rElec}
 46365 | Elf:3    | Cast into level 3 of the Abyss (a deep elf demonologist)
 46448 | Abyss:3  | Upgraded the game from 0.23-a0-370-gf497b7c to
                  | 0.23-a0-373-g305c090
 46506 | Abyss:3  | Gained mutation: You are frail. (-10% HP) [a neqoxec]
 46522 | Elf:3    | Escaped the Abyss
 46534 | Elf:3    | Lost mutation: You are frail. (-10% HP) [potion of
                  | mutation]
 46534 | Elf:3    | Gained mutation: You tend to lose your temper in combat.
                  | [potion of mutation]
 46534 | Elf:3    | Gained mutation: You are robust. (+10% HP) [potion of
                  | mutation]
 46635 | Elf:3    | Identified the Tome of Poisoning and Confrontation
 46862 | Elf:3    | Found the +7 Kryia's mail coat {PotionHeal*2 rC+}
 47320 | Vaults:1 | Entered Level 1 of the Vaults
 47615 | Vaults:1 | Got a glittering golden ring
 47616 | Vaults:1 | Identified the ring of Zyma {rPois rF++ Dex+2 Slay+5} (You
                  | acquired it on level 1 of the Vaults)
 48442 | Vaults:1 | Received a gift from Okawaru
 48443 | Vaults:1 | Found the +8 autumn katana {slice, Clar}
 49365 | Vaults:2 | Reached XP level 21. HP: 116/182 MP: 21/21
 49394 | Vaults:2 | Received a gift from Okawaru
 49913 | Vaults:2 | Reached skill level 21 in Long Blades
 50149 | Vaults:2 | Found a staircase to the Crypt.
 50149 | Vaults:2 | Found an ancient bone altar of Kikubaaqudgha.
 50150 | Vaults:2 | Found a basalt altar of Yredelemnul.
 50234 | Vaults:2 | Reached skill level 15 in Fighting
 50652 | Vaults:2 | Identified the Compendium of Stones and the Traveller
 50657 | Vaults:2 | Found the +3 hat of Pondering {ponderous, MR+ MP+10 Int+5}
 50665 | Vaults:2 | Received a gift from Okawaru
 51033 | Vaults:3 | Paralysed by an orc sorcerer for 7 turns
 51220 | Vaults:3 | Paralysed by an ogre mage for 6 turns
 51562 | Vaults:3 | Found Denoeme's Weapon Shop.
 51946 | Vaults:4 | Received a gift from Okawaru
 51949 | Vaults:4 | Got a faintly glowing demon blade {god gift}
 51950 | Vaults:4 | Identified the +3 demon blade "Vidairro" {freeze, rElec MR-
                  | Dex+5} (Okawaru gifted it to you on level 4 of the Vaults)
 52068 | Vaults:4 | Found Ytse's Magic Scroll Emporium.
 52099 | Vaults:4 | Bought a scroll of blinking for 157 gold pieces
 52099 | Vaults:4 | Bought a scroll of enchant armour for 157 gold pieces
 52158 | Vaults:4 | Found Kaowam's Antique Armour Shop.
 52182 | Vaults:4 | Found Jady's General Store.
 52370 | Vaults:4 | Found Gozag's Antique Armour Shop.
 52372 | Vaults:4 | Found Gozag's Antique Armour Shop.
 52372 | Vaults:4 | Found an opulent altar of Gozag.
 52390 | Vaults:4 | Found Gozag's Assorted Antiques.
 52709 | Vaults:4 | Noticed Saint Roka
 52724 | Vaults:4 | Killed Saint Roka
 52805 | Vaults:4 | Paralysed by an ogre mage for 3 turns
 52895 | Vaults:4 | Found Xacuelauf's Antique Weapon Emporium.
 52899 | Vaults:4 | Found Lienn's Distillery.
 52907 | Vaults:4 | Bought a potion of invisibility for 160 gold pieces
 52907 | Vaults:4 | Bought a potion of heal wounds for 100 gold pieces
 52907 | Vaults:4 | Bought a potion of mutation for 160 gold pieces
 52907 | Vaults:4 | Bought a potion of haste for 200 gold pieces
 52907 | Vaults:4 | Bought a potion of mutation for 160 gold pieces
 52907 | Vaults:4 | Bought a potion of curing for 60 gold pieces
 52907 | Vaults:4 | Bought a potion of curing for 60 gold pieces
 52907 | Vaults:4 | Bought a potion of flight for 60 gold pieces
 52958 | Vaults:4 | Bought a pair of glowing boots for 750 gold pieces
 52958 | Vaults:4 | Identified a +1 pair of boots of running (You bought it in
                  | a shop on level 4 of the Vaults)
 53278 | Vaults:5 | Entered Level 5 of the Vaults
 53282 | Vaults:5 | Noticed a golden dragon
 53294 | Vaults:5 | Reached XP level 22. HP: 146/194 MP: 22/22
 53295 | Vaults:5 | Received a gift from Okawaru
 53295 | Vaults:5 | Received a gift from Okawaru
 53295 | Vaults:5 | Received a gift from Okawaru
 53472 | Vaults:4 | Killed a golden dragon
 53476 | Vaults:4 | HP: 6/194 [ettin/+0 great mace (9)]
 53873 | Vaults:4 | Killed from afar by a shadow dragon

Vault maps used:
D:1:      shiori_arrival_whats_in_store_for_you, minmay_large_rounded_square,
          feat_on_display
D:2:      lemuel_doored_altar, ashenzari_conservatory_becter,
          chequers_ecumenical_altar_simple
D:3:      lemuel_tele_altar, uniq_crazy_yiuf_cottage
D:4:      bloody_trog, minmay_temple_entry_water_ring, serial_shops,
          nicolae_shop_behind_doors, first_ration, hangedman_decor_riveting,
          kennysheep_generic_room_8
D:5:      minitemple, gammafunk_ghost_arena, makhleb_heckhound_becter
D:6:      xom_confusion_cloud, serial_glass, glass_columns_a, glass_columns_a,
          serial_shops, nicolae_shop_stone, st_stairs_10
D:7:      minivault_24
D:8:      dpeg_oklobed_lair, grunt_livestock
D:9:      lemuel_round_altar, orc_0_dummy, nicolae_barding_shop
D:11:     minivault_5, kennysheep_small_circle
D:12:     lemuel_insect_pit, nicolae_underground_beach, uniq_erolcha
D:13:     uniq_azrael
D:14:     cross_vault, lightli_vaults_fourway_checkpoint
D:15:     hangedman_depths_entry_civil_slaughter, nicolae_two_hexagons,
          ashenzari_altar_1
Temple:   regret_index_temple_waves
Lair:2:   grunt_megastairs_1
Lair:3:   beast_lair_carwin_11
Lair:4:   minmay_swamp_entry_swarm, minmay_snake_entry_guardpost_small,
          serial_bayou_ford_a, serial_bayou_shore_b, infiniplex_staircase_pool,
          uniq_snorg
Lair:5:   slime_altar_1, gammafunk_ghost_split, basic_altar, grunt_megastairs_5,
          uniq_rupert
Lair:6:   gammafunk_lair_ancient_temple, gammafunk_ghost_arena,
          minmay_lair_oklob_chamber, serial_bayou_shore_a, uniq_josephine
Swamp:1:  nicolae_swamp_trees_clearing, uniq_nikola
Swamp:2:  wheals_swamp_sinkhole
Swamp:3:  evilmike_swamp_ruin_house_2
Swamp:4:  grunt_swamp_rune_castle
Snake:1:  minmay_snake_river, gammafunk_ghost_necromancy, minmay_shoptagon,
          uniq_roxanne
Snake:2:  grunt_ministairs_14
Snake:3:  ebering_ghost_reflecting_pool, st_stairs_9, statue_in_the_mist_lemuel,
          hangedman_snake_wide_pillar_pass
Snake:4:  johnstein_snake_rune_scales, basic_altar, grunt_ministairs_12
Orc:1:    uniq_gastronok
Orc:2:    st_orc_open, uniq_maurice, uniq_sonja
Elf:1:    eino_elf_arrival_the_gate, minivault_28
Elf:2:    serial_shops, nicolae_shop_statue_plus
Elf:3:    minmay_elf_hall_furrowed, gammafunk_ghost_split, special_room,
          fake_guardian_serpent_vault, uniq_asterion
Vaults:1: v_misc_13, nicolae_vaults_specimen_jars, hangedman_vaults_trim,
          nicolae_vaults_big_angled_halls, hangedman_vaults_river_flow,
          vaults_dpeg_ring, nicolae_vaults_border_crossing, vaults_room_pool
Vaults:2: nicolae_vaults_disjoint_gnomons, hangedman_vaults_variations,
          v_misc_2, vaults_room_hangedman_quadrants, serial_ice_h,
          minmay_crypt_entry_necro_gods, v_rooms_6, hangedman_vaults_unwind,
          v_misc_12, nicolae_vaults_gold_heap, vaults_dpeg_hooks,
          v_alt_pattern_4
Vaults:3: v_misc_33, ontoclasm_vaults_gallery, v_misc_10, v_misc_26,
          v_pattern_5, nicolae_vaults_little_ls, v_misc_8, v_misc_33,
          vaults_room_boxed, v_misc_14, v_misc_16, vaults_dpeg_cross,
          serial_shops, nicolae_shop_statue_plus
Vaults:4: grunt_vaults_trifunnel, v_misc_30, vaults_room_fours,
          kennysheep_vaults_gozag_temple,
          vaults_standard_mumra_enter_the_diamond, vaults_room_corners,
          ontoclasm_vaults_gateway, ontoclasm_vaults_decontamination,
          vaults_room_pools, serial_shops, shop, shop, nicolae_shop_waterfront,
          shop, shop, uniq_saint_roka
Abyss:3:  evilmike_abyss_exit_2, evilmike_abyss_rune_ettins,
          evilmike_abyss_exit_glass, grunt_abyss_rune_forest_and_sorcery
Abyss:4:  evilmike_abyss_exit_16, minivault_20, evilmike_abyss_exit_chaos,
          lemuel_flamethrower_3

Skill      XL: |  1  2  3  4  5  6  7  8  9 10 11 12 13 14 15 16 17 18 19 20 21 |
---------------+----------------------------------------------------------------+-----
Long Blades    | 3 4 5 6 8 10 12 14 15 17 18 19 20 21 | 21.9
Dodging        | 3 4 5 6 7 8 |  8.5
Armour         | 1 2 3 4 5 6 7 9 10 11 12 | 12.5
Fighting       | 3 4 5 6 7 8 10 11 12 13 14 15 | 15.9
Shields        | 2 11 14 16 17 18 19 20 | 20.4
Throwing       | |  1.8
Stealth        | |  0.7

Action                   |  1- 3 |  4- 6 |  7- 9 | 10-12 | 13-15 | 16-18 | 19-21 | 22-24 || total
-------------------------+-------+-------+-------+-------+-------+-------+-------+-------++-------
Melee: Long sword        |    99 |   176 |       |       |       |       |       |       ||   275
       Double sword      |       |     5 |   227 |   565 |  1212 |  1006 |   903 |       ||  3918
       Headbutt          |       |       |       |   174 |   431 |   560 |   501 |    12 ||  1678
       Unarmed           |       |       |       |       |     7 |       |       |       ||     7
       Scimitar          |       |       |       |       |       |   627 |       |       ||   627
       Katana            |       |       |       |       |       |       |   523 |    30 ||   553
Invok: Heroism           |       |       |       |     4 |     3 |     6 |     5 |     1 ||    19
       Finesse           |       |       |       |       |     1 |     1 |       |       ||     2
Evoke: Wand              |       |       |       |    16 |    12 |     3 |     1 |       ||    32
       Fan of gales      |       |       |       |       |     1 |       |       |       ||     1
  Use: Potion            |     1 |     2 |       |    10 |     8 |    10 |    10 |     2 ||    43
       Scroll            |       |    15 |     4 |    11 |    16 |    16 |    15 |     2 ||    79
 Stab: Sleeping          |     1 |       |       |    11 |       |       |       |       ||    12
       Distracted        |     1 |       |       |       |     2 |       |       |       ||     3
       Invisible         |       |       |       |     4 |       |       |       |       ||     4
       Paralysed         |       |       |       |       |     4 |       |       |       ||     4
       Confused          |       |       |       |       |     1 |       |       |       ||     1
  Eat: Chunk             |     2 |     4 |     7 |    15 |    16 |    13 |    18 |       ||    75
       Ration            |       |     2 |     1 |     4 |     7 |     9 |     6 |     1 ||    30
Armor: Leather armour    |    35 |     1 |       |       |       |       |       |       ||    36
       Ring mail         |       |    98 |    92 |   320 |   146 |       |       |       ||   656
       Plate armour      |       |       |       |       |   788 |   689 |   333 |    54 ||  1864
       Skin              |       |       |       |       |    34 |       |       |       ||    34
Dodge: Dodged            |    81 |   145 |   146 |   397 |   773 |   519 |   290 |    24 ||  2375
Block: Other             |       |       |     7 |    75 |    93 |       |       |       ||   175
       Reflection        |       |       |       |     2 |    38 |   196 |   164 |     8 ||   408
       Buckler           |       |       |       |       |   324 |   144 |       |       ||   468
       Shield            |       |       |       |       |       |  1579 |  1129 |    90 ||  2798
       Rpst.: Long sword |    24 |    44 |       |       |       |       |       |       ||    68
       Double sword      |       |     2 |    49 |    90 |   140 |    51 |    23 |       ||   355
       Scimitar          |       |       |       |       |       |    41 |       |       ||    41
       Katana            |       |       |       |       |       |       |    17 |     1 ||    18

Table legend:
 A = Non-vault XP
 B = Vault XP
 C = Vault XP percentage of total XP
 D = Non-vault monster count
 E = Vault monster count
 F = Vault count percentage of total count
                 A         B        C        D         E       F
            +---------+---------+-------+---------+---------+-------
      Total |  388168 |  367348 |  48.6 |    1127 |     548 |  32.7
            +---------+---------+-------+---------+---------+-------
        D:1 |      38 |       0 |   0.0 |      22 |       0 |   0.0
        D:2 |      82 |       0 |   0.0 |      16 |       0 |   0.0
        D:3 |     114 |      41 |  26.5 |      32 |       1 |   3.0
        D:4 |     162 |      60 |  27.0 |      11 |       2 |  15.4
        D:5 |     583 |      76 |  11.5 |      14 |       2 |  12.5
        D:6 |    2170 |      42 |   1.9 |      34 |       3 |   8.1
        D:7 |     754 |       0 |   0.0 |      10 |       0 |   0.0
        D:8 |    1179 |    1031 |  46.7 |      23 |       5 |  17.9
        D:9 |     991 |     110 |  10.0 |      23 |       1 |   4.2
       D:10 |    4169 |       0 |   0.0 |      30 |       0 |   0.0
       D:11 |    4520 |     168 |   3.6 |      29 |       2 |   6.5
       D:12 |    6102 |    2255 |  27.0 |      32 |      17 |  34.7
       D:13 |   10688 |    2348 |  18.0 |      40 |       8 |  16.7
       D:14 |    6182 |   12006 |  66.0 |      32 |      18 |  36.0
       D:15 |   16116 |    4114 |  20.3 |      33 |       6 |  15.4
     Lair:1 |    4678 |       0 |   0.0 |      19 |       0 |   0.0
     Lair:2 |    5283 |       0 |   0.0 |      28 |       0 |   0.0
     Lair:3 |    6828 |     744 |   9.8 |      22 |       2 |   8.3
     Lair:4 |    3387 |    3011 |  47.1 |      15 |      12 |  44.4
     Lair:5 |    5894 |    7104 |  54.7 |      16 |      10 |  38.5
     Lair:6 |    9738 |   13227 |  57.6 |      29 |      35 |  54.7
    Swamp:1 |    6501 |    3112 |  32.4 |      21 |       1 |   4.5
    Swamp:2 |   14716 |       0 |   0.0 |      29 |       0 |   0.0
    Swamp:3 |   12153 |       0 |   0.0 |      28 |       0 |   0.0
    Swamp:4 |   21639 |   22318 |  50.8 |      44 |      33 |  42.9
    Snake:1 |   10777 |    6802 |  38.7 |      17 |      15 |  46.9
    Snake:2 |   19927 |    1907 |   8.7 |      35 |       5 |  12.5
    Snake:3 |   27567 |    3829 |  12.2 |      50 |       3 |   5.7
    Snake:4 |   22102 |   42876 |  66.0 |      47 |      70 |  59.8
      Orc:1 |    2548 |    2182 |  46.1 |      30 |       1 |   3.2
      Orc:2 |    4373 |   16705 |  79.3 |      19 |      39 |  67.2
      Elf:1 |   20421 |   10010 |  32.9 |      32 |      16 |  33.3
      Elf:2 |   20489 |   23641 |  53.6 |      36 |      28 |  43.8
      Elf:3 |   23660 |   59180 |  71.4 |      38 |      57 |  60.0
   Vaults:1 |   24999 |   14227 |  36.3 |      54 |      17 |  23.9
   Vaults:2 |   28586 |   21306 |  42.7 |      41 |      36 |  46.8
   Vaults:3 |   21504 |   15760 |  42.3 |      56 |      29 |  34.1
   Vaults:4 |    7551 |   44064 |  85.4 |      16 |      45 |  73.8
   Vaults:5 |    5711 |   33092 |  85.3 |      10 |      29 |  74.4
    Abyss:3 |    3286 |       0 |   0.0 |      14 |       0 |   0.0
            +---------+---------+-------+---------+---------+-------
